 Dungeon Crawl Stone Soup version 0.25.1-2-g60ff931 (webtiles) character file.

Game seed: 14288050127223355909

725 robertstho the Ruffian (level 7, -2/67 HPs)
             Began as a Troll Fighter on July 29, 2020.
             Was a Follower of Qazlal.
             Slain by a sky beast (6 damage)
             ... on level 4 of the Dungeon.
             The game lasted 00:07:36 (2896 turns).

robertstho the Ruffian (Troll Fighter)              Turns: 2896, Time: 00:07:37

Health: -2/67      AC:  6    Str: 26    XL:     7   Next: 43%
Magic:  7/7        EV:  9    Int:  5    God:    Qazlal [*.....]
Gold:   184        SH: 11    Dex:  9    Spells: 6/6 levels left

rFire    . . .     SeeInvis .     - Unarmed
rCold    . . .     Gourm    +   b - +0 kite shield
rNeg     . . .     Faith    .   a - +0 robe
rPois    .         Spirit   .   (helmet restricted)
rElec    .         Reflect  .   (no cloak)
rCorr    .         Harm     .   (gloves unavailable)
MR       .....                  (boots unavailable)
Stlth    +.........             (no amulet)
HPRegen  0.61/turn              (no ring)
MPRegen  0.10/turn              (no ring)

@: mighty
A: large, unfitting armour, claws 3, fast metabolism 3, gourmand, regeneration
1, shaggy fur 1, tough skin 3
a: Renounce Religion


You were on level 4 of the Dungeon.
You worshipped Qazlal.
Qazlal was aware of your devotion.
You were completely stuffed.

You visited 1 branch of the dungeon, and saw 5 of its levels.

You collected 184 gold pieces.

Inventory:

Armour
 a - a +0 robe (worn)
 b - a +0 kite shield (worn)
Jewellery
 g - an uncursed ring of flight {unknown}
 l - an uncursed ring of ice {unknown}
 n - an uncursed ring of flight {unknown}
 v - a +4 ring of evasion {unknown}
Scrolls
 e - a scroll of amnesia {unknown}
 f - a scroll of remove curse {unknown}
 h - 3 scrolls of identify {unknown}
 i - a scroll of enchant weapon {unknown}
 j - 3 scrolls of enchant armour {unknown}
 m - 3 scrolls of teleportation {unknown}
 p - a scroll of immolation {unknown}
 r - a scroll of magic mapping {unknown}
 t - a scroll of fear {unknown}
Potions
 k - a potion of berserk rage {unknown}
 o - a potion of magic {unknown}
 s - a potion of haste {unknown}
 u - a potion of degeneration {unknown}
Comestibles
 d - 9 rations
 q - 3 chunks of flesh


   Skills:
 * Level 3.6 Fighting
 + Level 3.5 Dodging
 - Level 0.1 Stealth
 + Level 3.4 Shields
 * Level 5.9 Unarmed Combat
 * Level 2.0 Invocations


You had 6 spell levels left.
You didn't know any spells.
Your spell library was empty.

Dungeon Overview and Level Annotations

Branches:
Dungeon (5/15)
 Temple: D:4-7

Altars:
Qazlal
Trog


Innate Abilities, Weirdness & Mutations

You are too large for most types of armour.
You have claws for hands.
Your metabolism is lightning-fast.
You like to eat raw meat.
Your natural rate of healing is unusually fast.
You are covered in fur. (AC +1)
You have extremely tough skin. (AC +3)


Message History

* * * LOW HITPOINT WARNING * * *
Deactivating autopickup; reactivate with Ctrl-A.
The orc hits you but does no damage.
You claw the iguana!
The iguana is severely wounded.
The orc hits you with a +0 flail.
* * * LOW HITPOINT WARNING * * *
The iguana bites you but does no damage.
Something hits you.
* * * LOW HITPOINT WARNING * * *
Something shocks you.
* * * LOW HITPOINT WARNING * * *
You barely miss something. The orc hits you but does no damage.
You block the iguana's attack. The orc barely misses you.
You block something's attack.
You claw something! The orc barely misses you. You block the iguana's attack.
The orc hits you but does no damage. Something hits you.
* * * LOW HITPOINT WARNING * * *
Something shocks you.
You die...

#...#....#..#..
#.#####.....#.. ######
#.#....[.#..... #....#
#.....♣..#..#.. #....#
#.....######... #....#
#..........#..# #....#
#..........#..#
#...o####).........####
#...ol@o...............
#....#o................
####.##################
#.#....#### #.........#
#####....##.#
#....<....#.#
#.###.....#.#
#.#..[....#.#


You could see an iguana and 4 orcs.

Vanquished Creatures
  An ogre (D:4)
  A scorpion (D:4)
  2 bullfrog zombies (D:5)
  A centaur skeleton (D:4)
  6 orc wizards
  3 orc priests
  2 worker ants (D:4)
  Robin (D:2)
  3 gnolls (D:3)
  3 adders
  3 worms
  3 dart slugs
  A leopard gecko (D:4)
  18 orcs
  4 giant cockroaches (D:1)
  9 hobgoblins
  10 jackals
  10 kobolds
  2 quokkas
  2 ball pythons
  10 bats
  5 frilled lizards
  14 goblins
  A quokka skeleton (D:4)
  4 rats
119 creatures vanquished.

Notes
Turn   | Place    | Note
-------+----------+-------------------------------------------
     0 | D:1      | robertstho the Troll Fighter began the quest for the Orb.
     0 | D:1      | Reached XP level 1. HP: 22/22 MP: 0/0
   194 | D:1      | Reached XP level 2. HP: 29/29 MP: 1/1
   516 | D:1      | Reached XP level 3. HP: 34/36 MP: 2/2
   875 | D:2      | Noticed Robin
   885 | D:2      | Killed Robin
   885 | D:2      | Reached skill level 3 in Unarmed Combat
   936 | D:2      | Reached XP level 4. HP: 44/44 MP: 3/3
  1661 | D:3      | Found a faded altar of an unknown god.
  1701 | D:3      | Found a bloodstained altar of Trog.
  1701 | D:3      | Found a stormy altar of Qazlal.
  1705 | D:3      | Became a worshipper of Qazlal Stormbringer
  1735 | D:3      | Reached XP level 5. HP: 45/53 MP: 4/4
  1778 | D:3      | Reached skill level 4 in Unarmed Combat
  2162 | D:4      | Noticed an ogre
  2166 | D:4      | Killed an ogre
  2166 | D:4      | Reached skill level 1 in Invocations
  2166 | D:4      | Reached XP level 6. HP: 41/61 MP: 5/5
  2381 | D:4      | Reached * piety under Qazlal
  2392 | D:4      | Reached skill level 5 in Unarmed Combat
  2425 | D:4      | Reached XP level 7. HP: 32/67 MP: 7/7
  2777 | D:5      | Entered Level 5 of the Dungeon
  2896 | D:4      | Slain by a sky beast

Illustrated notes

Levels and vault maps discovered:
D:1:      evilmike_arrival_plus, layout_loops_ring,
          chequers_serial_rivers_micro_b, minivault_25
D:2:      layout_loops_ring, uniq_robin
D:3:      layout_basic, gammafunk_temple_overflow_elements,
          chequers_ecumenical_altar_simple_redux
D:4:      layout_basic, hangedman_decor_push
D:5:      layout_basic, minmay_temple_entry_mini_moons, first_ration

Skill      XL: |  1  2  3  4  5  6  7 |
---------------+----------------------+-----
Unarmed Combat | 3 4 5 |  5.9
Fighting       | 3 |  3.6
Dodging        | 3 |  3.5
Invocations    | 1 2 |  2.0
Shields        | 3 |  3.4
Stealth        | |  0.1

Action                   |  1- 3 |  4- 6 |  7- 9 || total
-------------------------+-------+-------+-------++-------
Melee: Unarmed           |   114 |   197 |    39 ||   350
  Use: Potion            |       |     1 |     1 ||     2
 Stab: Sleeping          |     1 |     1 |       ||     2
  Eat: Chunk             |    14 |    14 |     5 ||    33
Armor: Robe              |    59 |    86 |    22 ||   167
Dodge: Dodged            |    41 |    75 |    30 ||   146
Block: Kite shield       |    40 |    94 |    32 ||   166
